Cogmind - Beta 15 @@@ ROGUE MODE // 2025.06.20 @ 15:09:33 Player: pakman Result: Destroyed by B4-PW0(R) with Subdweller Beam Cannon Performance ------------- Evolutions (0) 0 Regions Visited (2) 400 Robots Destroyed (21) 105 Value Destroyed (375) 375 Prototype IDs (3) 60 Alien Tech Used (0) 0 Bonus (0) 0 TOTAL SCORE: 940 Bonus ------- None Cogmind --------- Core Integrity 0/250 Matter 251/300 Energy 86/100 System Corruption 0% Temperature Cool (9) Movement Walking (260) Ox2 Location -10/Subcaves Parts ------- > --- POWER (1) -------- (None) > --- PROPULSION (2) --- Aluminum Leg > --- UTILITY (2) ------ Large Storage Unit Light Armor Plating > --- WEAPON (2) ------- Assault Rifle Hammer > --- INVENTORY (15) --- Light Treads Light Treads Light Treads Light Treads Light Treads High-capacity Storage Unit Visual Processing Unit Sensor Array Seismic Detector Seismic Detector Grenade Launcher Datajack Peak State ------------ > --- POWER ------------ Light Ion Engine > --- PROPULSION ------- Aluminum Leg Aluminum Leg > --- UTILITY ---------- Medium Storage Unit Seismic Detector > --- WEAPON ----------- Assault Rifle Light Assault Rifle > --- INVENTORY -------- Light Ion Engine Light Ion Engine Light Treads Light Treads Aluminum Leg Wheel Compact Wheel Medium Laser Grenade Launcher Mining Laser [Rating: 8] Favorites ----------- Power Light Ion Engine Engine Light Ion Engine Propulsion Aluminum Leg Leg Aluminum Leg Utility Seismic Detector Device Seismic Detector Storage Large Storage Unit Protection Light Armor Plating Weapon Assault Rifle Energy Gun EM Pulse Gun Ballistic Gun Assault Rifle Launcher Grenade Launcher Impact Weapon Hammer Special Melee Weapon Datajack Build | -11 -10 -10 ------- Run | Yrd Mat Sub Slots Evolved . | . . . Power . | . . . Propulsion . | . . . Utility . | . . . Weapon . | . . . Parts Attached 16 | 2 11 3 Power 3 | 1 1 1 Engine 3 | 1 1 1 Core . | . . . Reactor . | . . . Propulsion 2 | . 2 . Treads . | . . . Leg 2 | . 2 . Wheel . | . . . Hover . | . . . Flight . | . . . Utility 5 | 1 3 1 Device 2 | 1 1 . Storage 2 | . 2 . Processor . | . . . Hackware . | . . . Protection 1 | . . 1 Artifact . | . . . Weapon 6 | . 5 1 Energy Gun 1 | . . 1 Energy Cannon . | . . . Ballistic Gun 2 | . 2 . Ballistic Cannon . | . . . Launcher 1 | . 1 . Special Weapon . | . . . Impact Weapon 1 | . 1 . Slashing Weapon . | . . . Piercing Weapon . | . . . Special Melee Weapon 1 | . 1 . Unidentified Prototypes . | . . . Parts Lost 6 | . 1 5 Power 2 | . . 2 Propulsion 1 | . . 1 Utility . | . . . Weapon 3 | . 1 2 Highest Loss Streak 5 | . 1 5 To Critical Strikes . | . . . Average Backups 12 | 7 12 14 Power 1 | 1 1 . Propulsion 4 | 4 4 5 Utility 3 | . 3 5 Weapon 2 | 1 2 2 Tool/Special . | . . . Unused Backups 14 | 2 6 6 Power 2 | 2 . . Propulsion 7 | . 4 3 Utility 4 | . 1 3 Weapon 1 | . 1 . Tool/Special . | . . . Average Slot Usage (%) 99 | . 100 97 Engine 13 | . 14 12 Leg 28 | . 28 28 Device 13 | . 14 13 Storage 14 | . 14 14 Ballistic Gun 24 | . 24 26 Impact Weapon 1 | . 1 . Special Melee Weapon 1 | . 1 . Peak Build Rating 8 | 7 8 8 Average Rating 7 | 6 7 7 On Entrance 7 | 6 7 8 Naked Turns . | . . . Heaviest Build 29 | 13 29 28 Greatest Support 20 | 20 20 20 Greatest Overweight (x) 1 | . 1 1 Average Overweight (x) . | . . 1 Largest Inventory Capacity 15 | 8 15 15 Average Capacity 13 | 8 13 15 Most Carried 15 | 8 15 15 Average Carried 12 | 7 12 14 Final Capacity 15 | 8 15 15 Final Carried 15 | 8 15 12 Class Distribution -------------------- 75% | Mutant 24% | Scavenger-Mutant Dominant Class ---------------- Mutant | -10/Materials Mutant | -10/Subcaves Resources | -11 -10 -10 ----------- Run | Yrd Mat Sub Matter Collected 683 | 232 451 . Remotely . | . . . Salvage Created 665 | 104 561 . Parts 50 | 11 39 . Haulers Intercepted 2 | . 2 . Recyclers Shooed 1 | . 1 . Parts Field Recycled . | . . . Retrieved Matter . | . . . Parts Self-Destructed . | . . . Prevented . | . . . Kills | -11 -10 -10 ------- Run | Yrd Mat Sub Combat Hostiles Destroyed 10 | . 10 . Guns 7 | . 7 . AOE 3 | . 3 . Classes Destroyed 7 | 2 5 . Worker 2 | . 2 . Tunneler 3 | 2 1 . Hauler 2 | . 2 . Recycler 2 | 1 1 . Watcher 2 | . 2 . Swarmer 3 | . 3 . Grunt 7 | . 7 . Best Kill Streak 4 | 2 4 . Combat Bots Only 3 | . 3 . Max Kills in Single Turn 2 | 1 2 . Gunslinging . | . . . Exploded 1 | . 1 . Melee . | . . . Uniques/NPCs Destroyed . | . . . Combat | -11 -10 -10 -------- Run | Yrd Mat Sub Hostile Shots Fired 79 | . 48 31 Missed 20 | . 17 3 Hits 59 | . 31 28 Projectile 59 | . 31 28 Critical Strikes 1 | . 1 . Damage Taken 1169 | . 481 688 Core 252 | . 102 150 Absorbed by Shields . | . . . Core Remaining (%) 100 | 100 . . Volleys Fired 67 | 3 57 7 Largest 2 | 2 2 2 Hottest 60 | 40 40 60 Shots Fired 127 | 6 110 11 Gun 123 | 6 106 11 Cannon . | . . . Launcher 4 | . 4 . Special . | . . . Kinetic 120 | 6 106 8 Thermal . | . . . Explosive 4 | . 4 . Electromagnetic 3 | . . 3 Robot Hit Streak 9 | 3 9 9 Robot Miss Streak 5 | . 5 1 Penetration Max . | . . . Secondary Targets . | . . . Shots Hit Robots 84 | 3 70 11 Core Hits 36 | 3 32 1 Critical Kills . | . . . Critical Parts Destroyed 1 | . 1 . Critical Strikes 1 | . 1 . Smash 1 | . 1 . Melee Attacks 19 | . 17 2 Impact 9 | . 7 2 Slashing . | . . . Piercing . | . . . Sneak Attacks 6 | . 6 . Combat Hostiles . | . . . Follow-up Attacks . | . . . Damage Inflicted 1148 | 40 937 171 Guns 799 | 40 657 102 Cannons . | . . . Explosions 206 | . 206 . Melee 143 | . 74 69 Ramming . | . . . Kinetic 768 | 40 657 71 Thermal . | . . . Explosive 206 | . 206 . Electromagnetic 31 | . . 31 Impact 143 | . 74 69 Slashing . | . . . Piercing . | . . . Highest Corruption . | . . . Average Corruption . | . . . Corruption Purged . | . . . Corruption Blocked . | . . . Overload Shots . | . . . Overflow Damage 40 | . 40 . Projectiles . | . . . Explosions 8 | . 8 . Melee 32 | . 32 . Knockbacks 1 | . 1 . Impact 1 | . 1 . Kinetic . | . . . Secondary . | . . . Self-Inflicted Damage . | . . . Shots . | . . . Rammed . | . . . Targets Rammed . | . . . Kicked . | . . . Crushed . | . . . Highest Temperature 27 | . 27 . Average Temperature 10 | . 10 . Received Heat Transfer 366 | . 249 117 Siege Activations . | . . . Martial Activations . | . . . Shielding Activations . | . . . Robots Disrupted . | . . . Combat Hostiles . | . . . Robots Corrupted . | . . . Combat Hostiles . | . . . Parts Fried 1 | . 1 . Impact Corruptions 1 | . 1 . Robots Melted . | . . . Combat Hostiles . | . . . Parts Melted . | . . . Heat Transferred . | . . . Parts Sabotaged . | . . . Parts Stolen . | . . . Parts Stripped . | . . . Power Chain Reactions . | . . . Alert | -11 -10 -10 ------- Run | Yrd Mat Sub Maximum Alert Level . | . . . Low Security (%) 100 | 100 100 . Level 1 . | . . . Level 2 . | . . . Level 3 . | . . . Level 4 . | . . . Level 5 . | . . . High Security . | . . . Max Security . | . . . Peak Influence 117 | 10 117 . Initial 3 | . 3 . Average 31 | 2 32 . Influence Increases 391 | 15 376 . Destroy 0b10 Robot/C 200 | . 200 . Destroy 0b10 Robot/NC 55 | 15 40 . Destroy Leader 38 | . 38 . Successful Hack 26 | . 26 . Disable Machine 15 | . 15 . Destroy Structure 27 | . 27 . Lose Combat Pursuer 30 | . 30 . Influence Decreases 391 | 10 376 5 Entered New Map 5 | . 2 3 Time Decay 384 | 10 372 2 Lost Part 2 | . 2 . Squads Dispatched . | . . . Investigation . | . . . Extermination . | . . . Reinforcement . | . . . Assault . | . . . Garrison . | . . . Intercept . | . . . Searches Triggered . | . . . Construction Impeded . | . . . Haulers Reinforced . | . . . Active Scanning Responses . | . . . Cargo Convoy Interrupts . | . . . Stealth | -11 -10 -10 --------- Run | Yrd Mat Sub Distress Signals . | . . . Communications Jammed . | . . . Distress Signals . | . . . Times Spotted 24 | . 22 2 Peak Tracking Total 3 | . 3 2 Tactical Retreats 2 | . 2 . Traps | -11 -10 -10 ------- Run | Yrd Mat Sub Traps Triggered 3 | . 3 . Indirectly . | . . . Trap Hack Attempts 73 | . 73 . Triggered . | . . . Disarmed 6 | . 6 . Reprogrammed 2 | . 2 . Reused . | . . . Traps Extracted . | . . . Installed . | . . . Triggered . | . . . Machines | -11 -10 -10 ---------- Run | Yrd Mat Sub Machines Disabled 1 | . 1 . Max in Single Turn 1 | . 1 . Machines Repaired . | . . . Machines Dismantled . | . . . Machines Sabotaged . | . . . Overloaded Fab Kills . | . . . Hacking | -11 -10 -10 --------- Run | Yrd Mat Sub Machines Accessed 10 | . 10 . Terminals 8 | . 8 . Fabricators . | . . . Repair Stations . | . . . Recycling Units 2 | . 2 . Scanalyzers . | . . . Garrison Access . | . . . Total Hacks 22 | . 22 . Successful 10 | . 10 . Failed 12 | . 12 . Catastrophic 3 | . 3 . Database Lockouts . | . . . Manual 16 | . 16 . Terminals 19 | . 19 . Fabricators . | . . . Repair Stations . | . . . Recycling Units 3 | . 3 . Scanalyzers . | . . . Garrison Access . | . . . Terminal Hacks 4 | . 4 . Robot Analysis 1 | . 1 . Prototype ID Bank 2 | . 2 . Hauler Manifests 1 | . 1 . Fabricator Hacks . | . . . Repair Station Hacks . | . . . Recycling Unit Hacks 1 | . 1 . Report Inventory 1 | . 1 . Scanalyzer . | . . . Garrison Access Hacks . | . . . Unauthorized Hacks 5 | . 5 . Terminals 5 | . 5 . Assimilate 2 | . 2 . Botnet 3 | . 3 . Fabricators . | . . . Repair Stations . | . . . Recycling Units . | . . . Scanalyzers . | . . . Garrison Access . | . . . Data Cores Recovered . | . . . Used . | . . . Hacking Detections 8 | . 8 . Full Trace Events . | . . . Feedback Events . | . . . Feedback Blocked . | . . . Robot Schematics Acquired . | . . . Robots Built . | . . . Authchips . | . . . Time . | . . . Total Robot Build Rating . | . . . Part Schematics Acquired . | . . . Parts Built . | . . . Authchips . | . . . Time . | . . . Total Part Build Rating . | . . . Parts Repaired . | . . . Time . | . . . Parts Recycled . | . . . Recycled Matter . | . . . Retrieved Matter . | . . . Retrieved Components . | . . . Parts Scanalyzed . | . . . Part Schematics Acquired . | . . . Parts Damaged . | . . . Bothacking | -11 -10 -10 ------------ Run | Yrd Mat Sub Used RIF Installer . | . . . Robots Hacked 2 | . 2 . Non-combat 2 | . 2 . Combat . | . . . Robot Hacks Applied 3 | . 3 . parse_system 2 | . 2 . find_recycling 1 | . 1 . Relay Couplers Released . | . . . Fabnet Peak Effective % . | . . . Robots Rewired . | . . . Allies Hacked . | . . . Hacks Repelled . | . . . Allies | -11 -10 -10 -------- Run | Yrd Mat Sub Total Allies 2 | . 2 . Largest Group 2 | . 2 1 Highest-Rated Group 20 | . 20 10 Highest-Rated Ally 10 | . 10 10 Total Orders 4 | . 4 . STAY 2 | . 2 . FOLLOW 2 | . 2 . Ally Attacks . | . . . Total Damage . | . . . Kills . | . . . Allies Corrupted . | . . . Allies Melted . | . . . Intel | -11 -10 -10 ------- Run | Yrd Mat Sub Active Infowar (turns) 2089 | 4 1796 289 Seismic 2089 | 4 1796 289 Robot Analysis Total 1 | . 1 . Derelict Logs Recovered . | . . . Drone Launches . | . . . Drone Recoveries . | . . . Exploration | -11 -10 -10 ------------- Run | Yrd Mat Sub Turns Passed 2154 | 59 1796 299 Spaces Moved 980 | 21 819 140 Core . | . . . Treads . | . . . Legs 980 | 21 819 140 Wheels . | . . . Hover . | . . . Flight . | . . . Fastest Speed 120 | 120 120 190 Average Speed 171 | 120 170 190 Slowest Speed 190 | 120 190 190 Overloaded Moves . | . . . Propulsion Burnouts . | . . . Robots Hopped . | . . . Potential Cave-ins . | . . . Cave-ins Triggered . | . . . Exploration Rate (%) 36 | 2 94 12 Regions Visited 2 Branch Regions 1 Pre-discovered Areas . | . . . Known Exits Taken . | . . . Unknown Exits Taken 2 | 1 1 . Scrap Searched . | . . . Spaces Dug 3 | . 3 . Terrain Destroyed 28 | . 28 . Melee 3 | . 3 . Projectile . | . . . AOE 25 | . 25 . Terrain Rammed . | . . . Walls Destroyed . | . . . Machines Disabled . | . . . Actions | -11 -10 -10 --------- Run | Yrd Mat Sub Total 1313 | 49 1107 157 Wait 118 | 20 95 3 Move 978 | 20 818 140 Hop . | . . . Pick Up 18 | 2 16 . Fast Attach 2 | 2 . . Attach 4 | . 1 3 Detach 1 | 1 . . Swap 18 | . 16 2 Drop 15 | 1 14 . Fire 67 | 3 57 7 Melee 19 | . 17 2 Ram . | . . . Kick . | . . . Crush . | . . . Escape Stasis . | . . . Rewire . | . . . Trap 73 | . 73 . Miscellaneous . | . . . Route ------- -11/Scrapyard -10/Materials (discovered 6 exits: [*Mat x3] / [*Min x2] / [*Sub]) -10/Subcaves History --------- Turn | Location | Event 1 | -11/Scrapyard | Discovered new exit (range 2) 60 | -11/Scrapyard | Entered Materials 229 | -10/Materials | Discovered new exit (range 10) 301 | -10/Materials | Build established: Mutant 648 | -10/Materials | Discovered new exit (range 14) 886 | -10/Materials | Build established: Scavenger-Mutant 1175 | -10/Materials | Discovered new exit (range 15) 1307 | -10/Materials | Discovered new exit (range 13) 1411 | -10/Materials | Discovered new exit (range 10) 1428 | -10/Materials | Build established: Mutant 1814 | -10/Materials | Discovered new exit (range 10) 1856 | -10/Materials | Entered Subcaves 1856 | -10/Subcaves | Accompanied by 1 ally 1857 | -10/Subcaves | Approached by a straggling Scientist 2085 | -10/Subcaves | A swath of the cavern ceiling suddenly collapsed 2131 | -10/Subcaves | Core integrity fell below 50% 2146 | -10/Subcaves | Core integrity fell below 20% 2155 | -10/Subcaves | Destroyed by B4-PW0(R) with Subdweller Beam Cannon Last Messages --------------- 01702_ K-01 Serf collects debris. 01746_ K-01 Serf cleans the Fusion Modulator. 01814_ EXIT=FOUND LOCATION=UNKNOWN AMBIENT_HEAT=-10 GOAL=ESCAPE 01857_ KN-TD0(c): "Thank the algorithms! I was beginning to lose hope I'd never make it past all the Subs lurking out here." 01860_ KN-TD0(c): "Hey, let me tag along and I can get us both out of this nasty situation. At least I think I can... The group I got separated from was talking about a shortcut back to the UFD." KN-TD0(c): "I think it's somewhere southeast of here" A swath of the cavern ceiling suddenly collapses. KN-TD0(c): "I think it's somewhere southeast of here" 02122_ Lgt. Ion Engine destroyed. 02129_ EM Pulse Gun destroyed. 02134_ Lgt. Ion Engine destroyed. 02135_ Assault Rifle destroyed. 02149_ B4-PW0(R) misfires. 02153_ Aluminum Leg destroyed. Map ----- +----------------------------------------------------+ | ##??##### #?????????????????????? | | ##??## ### ???????????????????? | | ##???# ###?### ????????????????????? | | ###????# ###???? ????????????????????? | | #??????## #???????????????????????????? | | #???????##### #???????????????????????????? | | ????????????## ##???????????????????????????? | | ????????????## #????????????????????????????? | | ????????##### #????????????????????????????? | | ????????# #?????#??????????????????????? | | ????????# ###???? ???????????????????????? | | ???????## ##????? #???????????????????????? | | ???????# ##??##? #####???????????????????? | | ???????## ##???### ## ?????????????????? | | ????????### #??? #"# ?????????????????? | | ??????????## ##??##"## ????????????????? | | ???????????# ####"#"## # ????????????????? | | ???????????# #;##"#""#""# #?????????????????? | | ???????????## #";""#"""## #?????????????????? | | ????????????###"## ##""""#### #??????????????????? | | ??????????????###"";##""""c"# ##?????????????????? | | ???????????????##### ;####o# ##????????????????? | | ???????????????????##; ### #????????????????? | | ????????????????????### ## #????????????????? | | ??????????????????????## #?## #????????????????? | | ???????????????????????##@#???? #???????????????? | | ???????????????????????;R ##???? #??????????????? | | ??????????????????????## R #????? #?????????????? | | ???????????????????????## #??????##?????????????? | | ??????????????????????? ##?????????????????????? | | ?????????????????????? #??????????????????????? | | ????????????????????? # # ??????????????????????? | | ??????????????????? #? ??????????????????????? | | ??????????????????# ?? ??????????????????????? | | ??????????????????###? ??? ??????????????????????? | | ?????????????????????# ???#??????????????????????? | | ?????????????????????#???????????????????????????? | | ?????????????????????????????????????????????????? | | ?????????????????????????????????????????????????? | | ?????????????????????????????????????????????????? | | ?????????????????????????????????????????????????? | | ?????????????????????????????????????????????????? | | ?????????????????????????????????????????????????? | | ?????????????????????????????????????????????????? | | ?????????????????????????????????????????????????? | | ?????????????????????????????????????????????????? | | ?????????????????????????????????????????????????? | | ?????????????????????????????????????????????????? | | ?????????????????????????????????????????????????? | | ?????????????????????????????????????????????????? | +----------------------------------------------------+ Best States ------------- Heat Dissipation 25 Energy Generation 10 Energy Capacity 250 Matter Stores 300 Matter Capacity 300 Sight Range 16 Terrain Scan Density 10 Armor Coverage 150 Evasion (%) 55 Item Schematics ----------------- None Robot Schematics ------------------ None Fabricated ------------ Nothing Repaired ---------- Nothing Alien Tech Used ----------------- None Achievements -------------- None Challenges ------------ None Game ------ Seed SystemTrackerCompactor Manual? 0 Play Time 00:24:03 Cumulative 86.0 hours Start 2025.06.20 @ 14:47:16 End 2025.06.20 @ 15:09:33 Sessions 1 Manual Loads 0 Difficulty Rogue Special Mode None Game No. 87 Rogue 87 Adventurer 0 Explorer 0 Win Type - Total 0 Types 0/0/0/0/0/0/0/0/0/0 Lore% 48 Gallery% 34 Achievement% 31 Wizard Run 0 Options --------- Layout 0 ASCII 0 Keyboard 1 Movement Numpad Keybinds 0 Fullscreen 2 Font 18/SmallcapsGlow Map View 76x50 Zoom Use 0% Tactical HUD 1 Map Filters NONE Filters NONE Steam 1 RUN: 6f843235-44c0-4b1a-a85f-b017c1419e7e